AoeStats
← Asheqer

Arena

509839326Analyzed
4v4 RM · 3d ago on Sep 28, 2026· 88m 12s· 8 players
Game mode
Random Map
Map size
Large (8 player)
Population
200
Speed
Normal
Resources
Standard
Victory
Conquest
Starting age
Dark Age
Ending age
Imperial Age
RankedLock teamsTeams togetherTeam positionsShared explorationLock speedFull tech treeHidden civsTurbo modeCheats
Victory
Defeat
🇺🇸 Vikings · United States
784
+15
🇨🇳 Mongols · China
776
+15
🇺🇸 Byzantines · United States
774
+15
🇳🇿 Vietnamese · New Zealand
703
+18
🇮🇩 Britons · Indonesia
923
-22
🇬🇧 Bohemians · United Kingdom
782
-17
🇮🇩 Japanese · Indonesia
685
-13
🇮🇩 Ethiopians · Indonesia
640
-11
The Reich
11:13 Feudal Age
16:29 Castle Age
14:49 Double-Bit Axe
16:12 Horse Collar
22:30 Heavy Plow
24:15 Caravan
25:54 Bow Saw
26:06 Bow Saw
27:15 Gold Mining
31:23 Imperial Age
28:45 Loom
29:12 Scale Mail Armor
30:18 Man-at-Arms
31:02 Chieftains
31:25 Chain Mail Armor
31:21 Forging
31:42 Long Swordsman
32:54 Plate Mail Armor
32:28 Elite Varangian Guard
33:23 Squires
35:37 Two-Man Saw
35:09 Crop Rotation
35:16 Gold Shaft Mining
34:33 Stone Mining
35:20 Two-Handed Swordsman
35:48 Arson
35:27 Capped Ram
36:15 Crossbowman
36:47 Fletching
36:52 Arbalester
37:32 Bodkin Arrow
38:01 Conscription
37:51 Elite Skirmisher
38:11 Champion
39:27 Bracer
39:50 Ballistics
39:53 Padded Archer Armor
40:57 Chemistry
39:45 Imperial Skirmisher
42:22 Bogsveigar
45:08 Leather Archer Armor
54:54 Iron Casting
54:53 Ring Archer Armor
56:36 Blast Furnace
62:03 Fortified Wall
67:57 Elite Berserk
72:51 Siege Ram
75:20 Hoardings
74:42 Murder Holes
74:59 Masonry
J Maximus
3:28 Loom
13:11 Feudal Age
15:00 Horse Collar
15:09 Double-Bit Axe
21:39 Wheelbarrow
23:07 Castle Age
21:33 Fletching
21:45 Padded Archer Armor
21:43 Gold Mining
21:45 Stone Mining
24:46 Elite Skirmisher
25:47 Bodkin Arrow
26:08 Leather Archer Armor
26:16 Bow Saw
26:10 Heavy Plow
33:21 Hand Cart
35:37 Imperial Age
36:08 Imperial Skirmisher
36:52 Bracer
37:22 Ring Archer Armor
38:35 Two-Man Saw
40:59 Fortified Wall
41:09 Ballistics
42:29 Capped Ram
45:58 Chemistry
44:36 Siege Ram
48:47 Bombard Tower
60:23 Hoardings
63:48 Crop Rotation
70:55 Caravan
xSlipperyx
0:30 Loom
11:27 Feudal Age
12:49 Wheelbarrow
13:48 Double-Bit Axe
18:25 Gold Mining
18:26 Stone Mining
18:48 Town Watch
21:34 Castle Age
21:10 Padded Archer Armor
21:17 Fletching
22:32 Thumb Ring
22:31 Squires
23:00 Bow Saw
24:00 Crossbowman
29:20 Bloodlines
29:11 Husbandry
29:22 Scale Barding Armor
29:28 Forging
29:04 Horse Collar
30:00 Ballistics
35:36 Imperial Age
34:54 Leather Archer Armor
34:35 Bodkin Arrow
34:46 Heavy Plow
34:42 Elite Skirmisher
36:57 Imperial Skirmisher
37:46 Bracer
40:44 Paper Money
41:27 Stone Shaft Mining
43:13 Chemistry
42:48 Ring Archer Armor
43:33 Siege Engineers
44:04 Hand Cart
46:01 Two-Man Saw
46:47 Crop Rotation
46:23 Elite Rattan Archer
50:41 Town Patrol
50:58 Masonry
50:44 Murder Holes
58:35 Iron Casting
58:13 Fortified Wall
65:34 Elite Battle Elephant
66:17 Chatras
75:16 Chain Barding Armor
78:06 Plate Barding Armor
天坛奇人
10:49 Feudal Age
14:49 Castle Age
13:11 Double-Bit Axe
13:32 Horse Collar
13:48 Stone Mining
13:55 Horse Collar
14:40 Loom
18:52 Wheelbarrow
18:23 Heavy Plow
21:33 Gold Mining
22:47 Bow Saw
23:03 Fletching
23:14 Padded Archer Armor
30:43 Bodkin Arrow
31:04 Leather Archer Armor
36:44 Imperial Age
34:50 Forging
36:21 Thumb Ring
37:38 Hand Cart
37:09 Town Watch
37:33 Scale Barding Armor
38:23 Bracer
38:31 Onager
40:54 Conscription
40:46 Siege Engineers
41:40 Parthian Tactics
45:08 Ballistics
45:49 Chemistry
44:46 Murder Holes
45:02 Masonry
47:40 Chain Barding Armor
48:17 Husbandry
48:28 Bloodlines
49:53 Drill
50:26 Gold Shaft Mining
50:31 Stone Shaft Mining
51:04 Elite Mangudai
52:20 Town Patrol
52:07 Elite Skirmisher
58:19 Elite Steppe Lancer
61:51 Imperial Skirmisher
66:58 Pikeman
67:40 Squires
67:25 Arson
68:08 Forging
67:59 Scale Mail Armor
68:13 Siege Onager
78:00 Iron Casting
77:40 Chain Mail Armor
77:40 Fortified Wall
83:01 Blast Furnace
82:31 Plate Mail Armor
Asheqer
10:28 Feudal Age
12:54 Horse Collar
13:03 Double-Bit Axe
17:39 Castle Age
19:17 Bow Saw
20:06 Heavy Plow
19:54 Loom
20:45 Wheelbarrow
27:03 Scale Mail Armor
27:05 Padded Archer Armor
26:56 Fletching
27:16 Padded Archer Armor
28:27 Chemistry
33:09 Pikeman
34:09 Leather Archer Armor
34:10 Chain Mail Armor
35:18 Squires
40:01 Imperial Age
39:32 Arson
41:20 Siege Engineers
41:36 Ballistics
41:03 Halberdier
43:53 Fortified Wall
44:41 Elite Skirmisher
Teninesick
0:42 Loom
11:10 Feudal Age
12:18 Double-Bit Axe
13:13 Horse Collar
17:41 Castle Age
16:23 Gold Mining
16:44 Fletching
17:11 Stone Mining
19:14 Wheelbarrow
20:11 Gold Shaft Mining
22:40 Man-at-Arms
26:37 Ballistics
26:32 Padded Archer Armor
28:36 Bodkin Arrow
32:43 Imperial Age
33:12 Elite Longbowman
34:05 Bracer
34:22 Leather Archer Armor
36:10 Chemistry
35:07 Murder Holes
35:23 Masonry
36:29 Ring Archer Armor
36:58 Yeomen
36:17 Capped Ram
38:12 Light Cavalry
38:54 Husbandry
44:42 Architecture
45:43 Scale Mail Armor
45:54 Forging
45:50 Scale Barding Armor
46:59 Cavalier
50:51 Chain Barding Armor
51:07 Iron Casting
65:31 Hand Cart
77:58 Blast Furnace
77:34 Plate Barding Armor
Ermour
11:18 Feudal Age
18:36 Castle Age
16:29 Horse Collar
16:41 Double-Bit Axe
17:04 Stone Mining
20:42 Gold Mining
21:41 Loom
22:32 Wheelbarrow
21:42 Town Watch
33:33 Imperial Age
32:41 Yasama
32:26 Pikeman
33:06 Squires
33:48 Town Watch
35:44 Treadmill Crane
37:06 Chemistry
37:48 Parthian Tactics
40:11 Kataparuto
40:12 Conscription
40:25 Elite Skirmisher
43:29 Light Cavalry
44:20 Bloodlines
46:00 Onager
49:04 Town Patrol
49:20 Hand Cart
51:06 Halberdier
52:08 Gambesons
52:09 Arson
52:40 Guard Tower
53:12 Ballistics
53:02 Fortified Wall
55:07 Keep
54:19 Arrowslits
56:55 Hoardings
59:22 Bow Saw
59:25 Scale Barding Armor
59:15 Fletching
59:36 Forging
59:26 Scale Mail Armor
59:27 Padded Archer Armor
63:36 Thumb Ring
68:43 Caravan
69:13 Coinage
72:37 Banking
83:56 Husbandry
Lord Indranov
4:14 Loom
13:10 Feudal Age
19:29 Castle Age
18:50 Horse Collar
20:59 Heavy Plow
24:19 Double-Bit Axe
29:17 Wheelbarrow
29:04 Royal Heirs
34:07 Imperial Age
34:17 Caravan
36:03 Elite Shotel Warrior
37:04 Conscription
36:44 Torsion Engines
39:27 Fortified Wall
40:19 Chemistry
39:10 Heated Shot
40:28 Forging
40:19 Scale Mail Armor
40:36 Bow Saw
40:21 Gold Mining
40:21 Stone Mining
40:49 Hand Cart
42:55 Gold Shaft Mining
42:56 Stone Shaft Mining
42:59 Iron Casting
42:40 Chain Mail Armor
45:39 Hand Cart
45:03 Onager
50:30 Siege Onager
56:00 Plate Mail Armor
69:25 Heavy Camel Rider
70:07 Husbandry
70:52 Scale Barding Armor
70:48 Padded Archer Armor
70:39 Fletching
71:30 Cavalier
76:44 Ballistics
77:37 Arson
77:52 Squires
78:02 Crossbowman
78:48 Thumb Ring
85:50 Elite Skirmisher
86:57 Leather Archer Armor
86:37 Bodkin Arrow
Connection lost

Rejoining the realm…

Still unreachable

The connection could not be restored.

Session expired

The server has moved on; the page needs a fresh start.